 Zot Defence DCSS version 0.15.2 (webtiles) character file.

1771 ponk the Cleaver (level 9, -9/70 HPs)
             Began as a Hill Orc Fighter on Jan 15, 2017.
             Killed by divine providence
             ... invoked by a sphinx
              (11 damage)
             ... in the Realm of Zot (Scenario I: Hall of Zot).
             The game lasted 00:03:12 (14102 turns).

ponk the Cleaver (Hill Orc Fighter)                Turns: 14102, Time: 00:03:12

HP  -9/70        AC  6     Str 22      XL: 9   Next:  7%
MP   9/9         EV  6     Int  8      God:
Gold 0           SH  9     Dex 10      Spells:  0 memorised,  8 levels left

rFire  . . .     SeeInvis .     a - +0 war axe
rCold  . . .     Clarity  .     b - +0 scale mail
rNeg   . . .     rCorr    .     c - +0 shield
rPois  .         rRot     .     (no helmet)
rElec  .         Spirit   .     (no cloak)
SustAb .         Warding  .     (no gloves)
rMut   .         Stasis   .     (no boots)
Gourm  .                        (no amulet)
MR     .....                    (no ring)
                                (no ring)

@: not resistant to hostile enchantments, extremely unstealthy
A: no striking features
a: Make oklob sapling, Make arrow trap, Make plant, Remove Curse, Make burning
bush, Make altar, Make grenades, Make oklob plant, Make net trap, Make ice
statue


You were in the Realm of Zot.
You were not hungry.

You visited 1 branch

Inventory:

Hand weapons
 a - a +0 war axe (weapon)
Armour
 b - a +0 scale mail (worn)
 c - a +0 shield (worn)
Comestibles
 f - a meat ration
Scrolls
 k - a scroll of blinking
Potions
 d - 3 potions of curing
 e - a potion of might
 g - a potion of heal wounds
 h - a potion of haste
 i - 2 potions of magic
 j - a potion of berserk rage


   Skills:
 - Level 3.6 Fighting
 + Level 14.2 Axes
 - Level 3.2 Armour
 - Level 3.2 Shields


You had 8 spell levels left.
You didn't know any spells.

Dungeon Overview and Level Annotations

Branches:
    Zot (1/1)

Altars:


Message History

The phantasmal warrior is severely damaged.
Daisacuv blinks!
You sense that a powerful threat has arrived.
You slash the phantasmal warrior!
The phantasmal warrior is almost destroyed.
The tengu reaver casts a spell.
The tengu reaver conjures a globe of magical energy!
Unknown command.
You hit the phantasmal warrior but do no damage.
The phantasmal warrior is almost destroyed.
The redback changes into a komodo dragon!
A sphinx comes into view.
You hit the phantasmal warrior.
The phantasmal warrior is almost destroyed.
The sphinx casts a spell.
Something smites you!
* * * LOW HITPOINT WARNING * * *
The sphinx casts a spell.
Something smites you!
You die...

...........## ##.............##
............## #.pp..........#
.............# ##..H........##
.............# #.......§...#
.............# ##....Cl.....##
.............# #..*.CCC......#
.............# ##..QCHC88C....##
.............###...CD88EE8.....##
............###.@C###########...#
...........##...W## ##...
...............### ###.
..############## ##
...........#### #
..............### ###
................## ##..
.................# ▓▓▓▓▓▓▓▓▓ #...
.................▓▓▓.......▓▓▓...


You could see 3 iron golems, a shadow dragon, 3 frost giants, 2 sphinxes, a
tengu reaver, 5 ettins, 2 hell knights, a phantasmal warrior, 2 earth elementals
and a komodo dragon shaped shifter.

Vanquished Creatures
  A toenail golem (Zot)
  2 gargoyles (Zot)
3 creatures vanquished.

Notes
Turn   | Place    | Note
--------------------------------------------------------------
     0 | Zot      | ponk, the Hill Orc Fighter, began the quest for the Orb.
     0 | Zot      | Reached XP level 1. HP: 19/19 MP: 1/1
 13970 | Zot      | Noticed a gargoyle
 13974 | Zot      | Noticed an earth elemental
 13975 | Zot      | Noticed an iron golem
 13977 | Zot      | Noticed a gargoyle
 13986 | Zot      | Noticed an earth elemental
 13987 | Zot      | Noticed an iron golem
 13988 | Zot      | Noticed a toenail golem
 13990 | Zot      | Killed a gargoyle
 13990 | Zot      | Reached skill level 10 in Axes
 13990 | Zot      | Reached XP level 2. HP: 26/26 MP: 2/2
 13990 | Zot      | Reached XP level 3. HP: 31/31 MP: 3/3
 13990 | Zot      | Reached XP level 4. HP: 39/39 MP: 4/4
 13990 | Zot      | Reached XP level 5. HP: 45/45 MP: 5/5
 13990 | Zot      | Reached XP level 6. HP: 51/51 MP: 6/6
 13990 | Zot      | Reached XP level 7. HP: 57/57 MP: 7/7
 13991 | Zot      | Noticed an iron golem
 13993 | Zot      | Noticed an iron golem
 13995 | Zot      | Noticed an iron golem
 14002 | Zot      | Noticed Daisacuv
 14043 | Zot      | Killed a gargoyle
 14043 | Zot      | Reached skill level 12 in Axes
 14043 | Zot      | Reached XP level 8. HP: 64/64 MP: 8/8
 14056 | Zot      | Noticed an ettin
 14059 | Zot      | Noticed a frost giant
 14060 | Zot      | Noticed a phantasmal warrior
 14062 | Zot      | Noticed a shadow dragon
 14063 | Zot      | Noticed an ettin
 14069 | Zot      | Noticed a sphinx
 14071 | Zot      | Killed a toenail golem
 14071 | Zot      | Reached skill level 14 in Axes
 14071 | Zot      | Reached XP level 9. HP: 52/70 MP: 9/9
 14073 | Zot      | Noticed a giant orange brain
 14077 | Zot      | Noticed an ettin
 14078 | Zot      | Noticed an ettin
 14079 | Zot      | Noticed a glowing shapeshifter
 14079 | Zot      | a giant orange brain changed into a glowing shapeshifter
 14081 | Zot      | Noticed a death drake
 14081 | Zot      | a glowing shapeshifter changed into a death drake
 14082 | Zot      | Noticed a moth of wrath
 14082 | Zot      | a death drake changed into a moth of wrath
 14084 | Zot      | Noticed an ettin
 14084 | Zot      | Noticed a frost giant
 14089 | Zot      | Noticed an ettin
 14093 | Zot      | a moth of wrath changed into a redback
 14097 | Zot      | Noticed a tengu reaver
 14099 | Zot      | Noticed a frost giant
 14101 | Zot      | Noticed a komodo dragon
 14101 | Zot      | a redback changed into a komodo dragon
 14102 | Zot      | Noticed a sphinx
 14102 | Zot      | HP: 2/70 [sphinx/divine providence (10)]
 14102 | Zot      | Killed from afar by a sphinx

Action                   |  1- 3 |  4- 6 |  7- 9 || total
-------------------------+-------+-------+-------++-------
Melee: War axe           |    14 |       |   105 ||   119
